 Dungeon Sprint DCSS version 0.20.1-1-g8b1a95d (console) character file.

266 bli the Blocker (level 6, -17/57 HPs)
             Began as a Formicid Fighter on Aug 8, 2017.
             Demolished by a slime creature (18 damage)
             ... in the Dungeon (Sprint I: "Red Sonja").
             The game lasted 00:03:02 (683 turns).

bli the Blocker (Formicid Fighter)                   Turns: 683, Time: 00:03:03

Health: -17/57     AC:  8    Str: 21    XL:     6   Next: 44%
Magic:  6/6        EV: 10    Int:  8    God:
Gold:   162        SH: 11    Dex: 11    Spells: 5/5 levels left

rFire    . . .     SeeInvis +   l - +0 scythe
rCold    . . .     Gourm    .   c - +0 shield
rNeg     . . .     Faith    .   b - +0 scale mail
rPois    .         Spirit   .   (helmet unavailable)
rElec    .         Reflect  .   (no cloak)
rCorr    .         Harm     .   (no gloves)
MR       .....                  (no boots)
Stlth    ..........             (no amulet)
Regen    0.2/turn               (no ring)
MPRegen  0.1/turn               (no ring)

@: no status effects
A: permanent stasis, dig shafts and tunnels, four strong arms, antennae 3
a: Dig


You were in the Dungeon.
You were not hungry.

You visited 1 branch You collected 162 gold pieces.

Inventory:

Hand Weapons
 a - a +0 trident
 l - a +0 scythe (weapon)
Armour
 b - a +0 scale mail (worn)
 c - a +0 shield (worn)
Scrolls
 k - a scroll of blinking
Potions
 d - a potion of might
 e - a potion of curing
 g - a potion of heal wounds
 h - a potion of haste
 i - 2 potions of magic
 j - a potion of berserk rage
Comestibles
 f - a bread ration
 m - a chunk of flesh


   Skills:
 * Level 8.5 Fighting
 + Level 4.0 Polearms
 * Level 7.5 Armour
 + Level 0.3 Dodging
 + Level 9.3 Shields


You had 5 spell levels left.
You didn't know any spells.

Dungeon Overview and Level Annotations

Branches:
Dungeon (1/1)

Altars:
Makhleb
Xom
Jiyva
Lugonu


Innate Abilities, Weirdness & Mutations

You cannot be hasted, slowed, berserked, paralysed or teleported.
You can dig through walls and to a lower floor.
Your four strong arms can wield two-handed weapons with a shield.
You have a pair of large antennae on your head. (SInv)


Message History

The slime creature is severely wounded.
You block the slime creature's attack.
The slime creature hits you but does no damage.
You hit the slime creature.
The slime creature is severely wounded.
The slime creature hits you!
You hit the slime creature.
The slime creature is severely wounded.
The slime creature hits you! The slime creature barely misses you.
You slash the slime creature!
The slime creature is almost dead.
The slime creature hits you!
* * * LOW HITPOINT WARNING * * *
You block the slime creature's attack.
You hit the slime creature.
The slime creature is almost dead.
The slime creature hits you!
* * * LOW HITPOINT WARNING * * *
The slime creature hits you!!
You die...

################ #
#<.#..'..#..@J.#__#
#..'[)#..'[.#..'..+
#..#####'#####+#__#
#..# #..# ### #..#
#### { #..# #⌠⌠# {
{ #### {


You could see a slime creature.

Vanquished Creatures
  Sigmund (D)
  An ogre (D)
  Ijyb (D)
3 creatures vanquished.

Notes
Turn   | Place    | Note
-------+----------+-------------------------------------------
     0 | D        | bli the Formicid Fighter began the quest for the Orb.
     0 | D        | Reached XP level 1. HP: 18/18 MP: 1/1
     2 | D        | Noticed Ijyb
    19 | D        | Killed Ijyb
    19 | D        | Reached skill level 5 in Shields
    19 | D        | Reached XP level 2. HP: 4/26 MP: 2/2
    19 | D        | Reached XP level 3. HP: 6/32 MP: 3/3
   282 | D        | Noticed an ogre
   291 | D        | Killed an ogre
   291 | D        | Reached skill level 5 in Armour
   291 | D        | Reached skill level 7 in Shields
   291 | D        | Reached XP level 4. HP: 15/41 MP: 4/4
   291 | D        | Reached XP level 5. HP: 18/47 MP: 5/5
   497 | D        | Noticed Sigmund
   515 | D        | Killed Sigmund
   515 | D        | Reached skill level 9 in Shields
   515 | D        | Reached XP level 6. HP: 29/57 MP: 6/6
   670 | D        | Found a burning altar of Makhleb.
   670 | D        | Found a shimmering altar of Xom.
   670 | D        | Noticed a slime creature
   671 | D        | Found a viscous altar of Jiyva.
   671 | D        | Found a corrupted altar of Lugonu.
   683 | D        | HP: 1/57 [slime creature (12)]
   683 | D        | Demolished by a slime creature

Skill      XL: |  1  2  3  4  5 |
---------------+----------------+-----
Fighting       | 4 6 8 |  8.5
Armour         | 4 5 7 |  7.5
Shields        | 5 7 9 |  9.3
Polearms       | 4 |  4.0
Dodging        | |  0.3

Action                   |  1- 3 |  4- 6 || total
-------------------------+-------+-------++-------
Melee: Trident           |    24 |    15 ||    39
       Scythe            |       |     9 ||     9
Armor: Scale mail        |     3 |     3 ||     6
Dodge: Dodged            |     3 |    10 ||    13
Block: Shield            |    10 |     4 ||    14
